 Dungeon Crawl Stone Soup version 0.29.1-15-g9cfb28693d (webtiles) character file.

Game seed: 9682169035522756186

372 Eitelfritz the Sneak (level 6, -2/46 HPs)
             Began as a Demonspawn Brigand on Apr 25, 2023.
             Killed from afar by an orc wizard (5 damage)
             ... with a magic dart
             ... on level 4 of the Dungeon.
             The game lasted 00:10:25 (3949 turns).

Eitelfritz the Sneak (Demonspawn Brigand)           Turns: 3949, Time: 00:10:26

Health: -2/46      AC: -4    Str: 12    XL:     6   Next: 43%
Magic:  6/6        EV: 12    Int: 12    God:
Gold:   173        SH:  4    Dex: 16    Spells: 5/5 levels left

rFire   . . .      SeeInvis .   a - +2 dagger
rCold   . . .      Faith    .   (no shield)
rNeg    . . .      Spirit   .   b - +0 robe
rPois   .          Reflect  .   (no helmet)
rElec   .          Harm     .   c - +0 cloak
rCorr   .          Rampage  .   y - +1 pair of gloves "Zuuhiem" {+Inv}
Will    .....                   s - +0 pair of boots
Stlth   +++.......              (no amulet)
HPRegen 0.15/turn               (no ring)
MPRegen 0.10/turn               (no ring)

@: corroded
A: molten scales 1, demonic guardian 1, icemail 1, condensation shield, weakness
stinger 1
a: Evoke Invisibility


You were on level 4 of the Dungeon.
You visited 1 branch of the dungeon, and saw 4 of its levels.
You also visited: Sewer.

You collected 173 gold pieces.

Inventory:

Hand Weapons
 a - a +2 dagger (weapon)
 h - a +0 short sword
 m - a +0 sling
Missiles
 d - 12 poisoned darts (quivered)
 e - 3 curare-tipped darts
Armour
 b - a +0 robe (worn)
 c - a +0 cloak (worn)
 s - a +0 pair of boots (worn)
 y - the +1 pair of gloves "Zuuhiem" (worn) {+Inv}
   (You found it in a sewer)

   +Inv:      It lets you turn invisible.
Wands
 v - a wand of flame (4)
 z - a wand of quicksilver (11)
Scrolls
 i - 2 scrolls of teleportation
 q - a scroll of fear
 t - a scroll of magic mapping {unknown}
 w - 2 scrolls of enchant weapon {unknown}
Potions
 g - 2 potions of mutation
 k - a potion of attraction
 l - a potion of heal wounds
 o - 3 potions of curing
 p - a potion of might {unknown}
 u - a potion of ambrosia {unknown}
 x - a potion of berserk rage {unknown}


   Skills:
 + Level 2.7 Fighting
 + Level 3.4 Short Blades
 + Level 1.8 Throwing
 + Level 2.5 Dodging
 + Level 5.5 Stealth
 + Level 1.2 Shields


You had 5 spell levels left.
You didn't know any spells.
Your spell library contained the following spells:

 Spells                   Type           Power      Damage    Failure   Level
 Slow                     Hex            0%         N/A       32%         1
 Call Canine Familiar     Summ           0%         N/A       69%         3
 Portal Projectile        Hex/Tloc       0%         N/A       69%         3
 Leda's Liquefaction      Hex/Erth       0%         N/A       97%         4


Dungeon Overview and Level Annotations

Branches:
Dungeon (4/15)              Sewer (visited)
 Temple: D:4-7

Altars:
Cheibriados

Annotations:
D:3 3 runed translucent doors, Sensen's ghost, weakling DrCj


Innate Abilities, Weirdness & Mutations

You are partially covered in molten scales. (AC +2)
A weak demonic guardian rushes to your aid.
A meltable icy envelope protects you from harm. (AC +4)
A meltable shield of frost defends you. (SH +4)
You have a small tail.


Message History

The kobold attacks as you move away! The kobold misses you.
The kobold hits your shadow imp with a +0 whip.
Your shadow imp hits the jelly.
Your shadow imp is burned by acid!
The kobold hits your shadow imp but does no damage.
Your shadow imp hits the kobold.
The kobold dies!
The jelly attacks as you move away! You block the jelly's attack.
The dart slug launches a dart at you. The slug dart hits you.
* * * LOW HITPOINT WARNING * * *
The orc wizard closely misses your shadow imp.
Your shadow imp gestures at the jelly.
The jelly writhes in agony!
The jelly dies!
The orc wizard hits your shadow imp but does no damage.
Your shadow imp gestures at the orc wizard.
The orc wizard struggles to resist.
Your shadow imp hits the orc wizard.
The orc wizard casts a spell at you. The magic dart hits your shadow imp.
Your shadow imp closely misses the orc wizard.
Something closely misses your shadow imp.
Your shadow imp disappears in a puff of smoke!
An orc wizard is nearby!
The orc wizard hits you with a +0 dagger.
* * * LOW HITPOINT WARNING * * *
A demonic guardian appears!
Something closely misses your white imp.
You completely miss the orc wizard.
The orc wizard is moderately wounded.
The orc wizard hits you with a +0 dagger.
* * * LOW HITPOINT WARNING * * *
Something hits your white imp.
You hit the orc wizard but do no damage.
The orc wizard is moderately wounded.
Your white imp closely misses the orc wizard.
The orc wizard casts a spell at you. The magic dart hits you.
You die...

.
..........#ยง#.#
###.......#o#.#
#.....>##.#.#
.............#
##.....###.###
## #.# #.#
#5######
#.o@...#
######.# .# .#
.# .# .# .#


You could see an orc wizard (ally target) and a friendly white imp (summoned).

Vanquished Creatures
  Terence (D:3)
  7 adders
  4 worms
  3 dart slugs
  An orc (D:4)
  8 endoplasms
  11 giant cockroaches
  5 goblins
  7 hobgoblins
  4 jackals (D:1)
  9 kobolds
  4 quokkas
  17 ball pythons
  8 bats
  11 frilled lizards
  6 rats
106 creatures vanquished.

Vanquished Creatures (collateral kills)
  2 bullfrogs (Sewer)
  A jelly (D:4)
  A giant cockroach (Sewer)
  A kobold (D:4)
5 creatures vanquished.

Vanquished Creatures (others)
  A plant (D:3)
1 creature vanquished.

Grand Total: 112 creatures vanquished

Notes
Turn   | Place    | Note
-------+----------+-------------------------------------------
     0 | D:1      | Eitelfritz the Demonspawn Brigand began the quest for the
                  | Orb.
     0 | D:1      | Reached XP level 1. HP: 16/16 MP: 1/1
   151 | D:1      | Reached skill level 4 in Stealth
   162 | D:1      | Gained mutation: A meltable shield of frost defends you.
                  | (SH +4) [demonic ancestry]
   162 | D:1      | Reached XP level 2. HP: 11/22 MP: 2/2
   800 | D:1      | You fall into a shaft and drop 1 floor!
   871 | D:2      | Gained mutation: A meltable icy envelope protects you from
                  | harm. (AC +4) [demonic ancestry]
   871 | D:2      | Reached XP level 3. HP: 23/27 MP: 3/3
   874 | D:2      | Reached skill level 1 in Dodging
  1441 | D:2      | Found a snail-covered altar of Cheibriados.
  1503 | D:2      | Gained mutation: A weak demonic guardian rushes to your
                  | aid. [demonic ancestry]
  1503 | D:2      | Reached XP level 4. HP: 28/33 MP: 4/4
  2264 | D:3      | Reached skill level 5 in Stealth
  2498 | D:3      | Found a faded altar of an unknown god.
  2513 | D:3      | Got Plato's Precepts of Enchantment
  2593 | D:3      | Found a glowing drain.
  2622 | D:3      | Gained mutation: You have a small tail. [demonic ancestry]
  2622 | D:3      | Reached XP level 5. HP: 13/39 MP: 5/5
  2644 | Sewer    | Entered a sewer
  3133 | Sewer    | Reached skill level 1 in Shields
  3133 | Sewer    | Gained mutation: You are partially covered in molten
                  | scales. (AC +2) [demonic ancestry]
  3133 | Sewer    | Reached XP level 6. HP: 11/46 MP: 6/6
  3145 | Sewer    | Identified the +1 pair of gloves "Zuuhiem" {+Inv}
  3488 | D:3      | Noticed Terence
  3520 | D:3      | Killed Terence
  3590 | D:3      | Found a runed translucent gate.
  3590 | D:3      | Found a runed translucent gate.
  3590 | D:3      | Found a runed translucent gate.
  3728 | D:3      | Noticed Sensen's ghost (weakling DrCj)
  3949 | D:4      | Killed from afar by an orc wizard

Illustrated notes

Levels and vault maps discovered:
D:1:      zaba_arrival_water, layout_loops_ring, serial_bayou_pond_a
D:2:      layout_loops_ring, basic_altar, minmay_misc_feat_enclosed,
          minivault_25
D:3:      layout_rooms, shapermc_ecumenical_altar_rom_forum,
          cheibrodos_sewer_entry_bend, gammafunk_ghost_icy, serial_park_tiny_1,
          minmay_statues_item, hangedman_feature_mirror, serial_bayou_crossing,
          uniq_terence
D:4:      layout_basic, kennysheep_another_room, minmay_misc_feat_hallway,
          uniq_grinder, uniq_duvessa

Skill      XL: |  1  2  3  4  5 |
---------------+----------------+-----
Stealth        | 4 5 |  5.5
Dodging        | 1 2 |  2.5
Short Blades   | 2 3 |  3.4
Shields        | 1 |  1.2
Fighting       | |  2.7
Throwing       | |  1.8

Action                   |  1- 3 |  4- 6 || total
-------------------------+-------+-------++-------
Melee: Dagger            |   136 |   180 ||   316
       Punch             |     2 |     1 ||     3
       Short sword       |       |    90 ||    90
       Tailslap          |       |    24 ||    24
  Use: Scroll            |       |     9 ||     9
 Stab: Sleeping          |    13 |    14 ||    27
       Distracted        |       |     1 ||     1
Armor: Robe              |    35 |    79 ||   114
Dodge: Dodged            |    71 |   138 ||   209
Block: Other             |    12 |    47 ||    59
